 Dungeon Crawl Stone Soup version 0.29.1-12-g30fa7ad0bf (webtiles) character file.

Game seed: 394388440284469822

281 Lutefisk the Gusty (level 6, 0/38 HPs)
             Began as a Tengu Air Elementalist on Dec 28, 2022.
             Slain by a centaur (1 damage)
             ... on level 5 of the Dungeon.
             The game lasted 00:13:38 (1593 turns).

Lutefisk the Gusty (Tengu Air Elementalist)         Turns: 1593, Time: 00:13:38

Health: 0/38       AC:  3    Str: 12 (15) XL:     6   Next: 27%
Magic:  1/10       EV: 14    Int: 14 (15) God:
Gold:   120        SH:  0    Dex: 14 (16) Spells: 3/9 levels left

rFire   . . .      SeeInvis .   n - +1 dagger (venom)
rCold   . . .      Faith    .   (no shield)
rNeg    . . .      Spirit   .   a - +0 robe
rPois   .          Reflect  .   (helmet restricted)
rElec   .          Harm     .   (no cloak)
rCorr   .          Rampage  .   d - +0 pair of gloves
Will    .....                   (boots unavailable)
Stlth   ++........              (no amulet)
HPRegen 0.12/turn               f - +6 ring of strength
MPRegen 0.12/turn               q - ring of wizardry

@: weakened, flying quickly and evasively, invisible, quick
A: beak, talons 3, nimble flight
a: no special abilities


You were on level 5 of the Dungeon.
You visited 1 branch of the dungeon, and saw 5 of its levels.

You collected 120 gold pieces.

Inventory:

Hand Weapons
 n - a +1 dagger of venom (weapon)
Missiles
 k - a javelin (quivered)
Armour
 a - a +0 robe (worn)
 d - a +0 pair of gloves (worn)
Jewellery
 f - a +6 ring of strength (left hand)
 q - a ring of wizardry (right hand)
Scrolls
 h - 2 scrolls of identify
 i - a scroll of amnesia
 j - 2 scrolls of vulnerability {unknown}
 o - a scroll of teleportation {unknown}
Potions
 b - a potion of magic
 c - a potion of lignification
 l - a potion of haste {unknown}
 m - a potion of brilliance {unknown}
 p - a potion of mutation {unknown}


   Skills:
 * Level 3.9 Fighting
 - Level 1.0 Throwing
 - Level 1.0 Armour
 - Level 2.1 Dodging
 - Level 2.0 Stealth
 - Level 2.0 Spellcasting
 - Level 3.0 Conjurations
 * Level 6.1 Air Magic


You had 3 spell levels left.
You knew the following spells:

 Your Spells              Type           Power      Damage    Failure   Level
a - Shock                 Conj/Air       56%        1d6       1%          1
b - Static Discharge      Conj/Air       14%        3-5/arc   2%          2
c - Swiftness             Air            18%        N/A       2%          3

Your spell library contained the following spells:

 Spells                   Type           Power      Damage    Failure   Level
 Airstrike                Air            9%         2d(2-18)  8%          4
 Malign Gateway           Summ/Tloc      0%         N/A       100%        7
 Summon Horrible Things   Summ           0%         N/A       100%        8


Dungeon Overview and Level Annotations

Branches:
Dungeon (5/15)
 Temple: D:4-7

Altars:
Dithmenos
Xom

Shops:
D:1 *


Innate Abilities, Weirdness & Mutations

You have a beak for a mouth.
You have claws for feet.
Your magical nature lets you fly swiftly and evasively.


Message History

You are struck by an arc of lightning.
The gnoll is struck by an arc of lightning!
The gnoll is almost dead.
The lightning grounds out.
The gnoll closely misses you.
The gnoll bouda calls upon its god to heal the gnoll.
The gnoll is healed somewhat.
The gnoll barely misses you.
Casting: Static Discharge (safe; 2% risk of failure)
Confirm with . or Enter, or press ? or * to list all spells.
The gnoll is struck by an arc of lightning!
You kill the gnoll!
The centaur is struck by an arc of lightning.
The centaur is lightly wounded.
The gnoll is struck by an arc of lightning!
The gnoll is heavily wounded.
The gnoll is struck by an arc of lightning.
The gnoll is heavily wounded.
The lightning grounds out.
The gnoll is struck by an arc of lightning.
The gnoll is almost dead.
You are struck by an arc of lightning.
The gnoll is struck by an arc of lightning!
You kill the gnoll!
The lightning grounds out.
The gnoll bouda is struck by an arc of lightning.
The gnoll bouda is severely wounded.
You are struck by an arc of lightning.
The lightning grounds out.
The centaur wields a +0 shortbow.
The centaur shoots an arrow.
The arrow hits you.
The gnoll bouda hits you with a +0 club!
* * * LOW HITPOINT WARNING * * *
The gnoll misses you.
You fade into invisibility!
The centaur shoots an arrow.
The arrow closely misses you. The gnoll bouda misses you.
The gnoll hits you with a +0 falchion.
* * * LOW HITPOINT WARNING * * *
It was a potion of degeneration.
There was something very wrong with that liquid.
You feel weakened.
You feel dopey.
You feel clumsy.
The centaur unwields a +0 shortbow.
The centaur hits you.
You die...

#..............#
##..#..##......###.
##...#.............#
#....#.............#
##..................
##.#..##..........)
#########.......(.
##gg...... #@c....#.
####.?.# .#.. # #


You could see a centaur (unable to see you), a gnoll bouda (unable to see you)
and a gnoll (swift, unable to see you).

Vanquished Creatures
  Blork the orc (D:4)
  A scorpion (D:5)
  Jessica (D:2)
  2 gnolls (D:5)
  5 adders
  An ufetubus (D:4)
  A worm (D:2)
  A dart slug (D:2)
  9 orcs
  2 ball pythons
  An endoplasm (D:2)
  4 giant cockroaches
  6 goblins
  4 hobgoblins
  2 jackals (D:2)
  A quokka (D:4)
  7 bats
  4 frilled lizards
  2 kobolds
  4 rats
59 creatures vanquished.

Vanquished Creatures (others)
  13 plants (D:3)
13 creatures vanquished.

Grand Total: 72 creatures vanquished

Notes
Turn   | Place    | Note
-------+----------+-------------------------------------------
     0 | D:1      | Lutefisk the Tengu Air Elementalist began the quest for the
                  | Orb.
     0 | D:1      | Reached XP level 1. HP: 10/10 MP: 4/4
    23 | D:1      | Found Uphuoneack's Assorted Antiques.
   135 | D:2      | Reached skill level 1 in Fighting
   182 | D:2      | Noticed Jessica
   194 | D:2      | Killed Jessica
   195 | D:2      | Reached XP level 2. HP: 14/18 MP: 1/6
   195 | D:2      | Reached XP level 3. HP: 17/22 MP: 1/7
   353 | D:1      | Learned a level 2 spell: Static Discharge
   445 | D:1      | Found a faded altar of an unknown god.
   527 | D:3      | Learned a level 3 spell: Swiftness
   727 | D:2      | Reached XP level 4. HP: 28/28 MP: 3/8
   876 | D:2      | Reached skill level 5 in Air Magic
  1174 | D:4      | Noticed Blork the orc
  1190 | D:4      | Killed Blork the orc
  1191 | D:4      | Reached skill level 1 in Throwing
  1191 | D:4      | Reached skill level 1 in Armour
  1191 | D:4      | Reached skill level 6 in Air Magic
  1191 | D:4      | Gained mutation: Your magical nature lets you fly swiftly
                  | and evasively. [Tengu growth]
  1191 | D:4      | Reached XP level 5. HP: 22/32 MP: 3/9
  1325 | D:4      | Found a shadowy altar of Dithmenos.
  1508 | D:5      | Entered Level 5 of the Dungeon
  1508 | D:5      | Found a shimmering altar of Xom.
  1569 | D:5      | Reached XP level 6. HP: 26/38 MP: 2/10
  1592 | D:5      | HP: 1/38 [gnoll/+0 falchion[a gnoll bouda] (1)]
  1593 | D:5      | Slain by a centaur

Illustrated notes

Levels and vault maps discovered:
D:1:      sevenhm_arrival_forest_fort_small_4, layout_loops_ring, serial_shops,
          nicolae_shop_hallway_plus, ebering_ecumenical_altar_abandoned,
          nicolae_figureground_sparkle
D:2:      layout_loops_ring, minmay_misc_feat_pillars, minmay_between,
          uniq_jessica
D:3:      layout_loops_ring, mainiacjoe_overflow_alcove_2, corner_web_ring,
          nicolae_grassy_gnolls
D:4:      layout_basic, kennysheep_little_box, minmay_misc_feat_roman,
          uniq_blork_the_orc
D:5:      layout_cave_pools, xom_teletrap_fun, gup_sewer_entry_bowl, uniq_pikel,
          uniq_sigmund

Skill      XL: |  1  2  3  4  5 |
---------------+----------------+-----
Fighting       | 2 3 |  3.9
Conjurations   | 2 3 |  3.0
Air Magic      | 6 |  6.1
Throwing       | 1 |  1.0
Armour         | 1 |  1.0
Dodging        | |  2.1
Stealth        | |  2.0
Spellcasting   | |  2.0

Action                   |  1- 3 |  4- 6 || total
-------------------------+-------+-------++-------
Melee: Unarmed           |     2 |       ||     2
       Peck              |     4 |     7 ||    11
       Dagger            |    12 |    43 ||    55
       Kick              |       |    17 ||    17
Throw: Javelin           |       |     3 ||     3
 Cast: Shock             |    34 |    52 ||    86
       Static Discharge  |       |     6 ||     6
  Use: Scroll            |       |     4 ||     4
       Potion            |       |     2 ||     2
 Stab: Sleeping          |       |     4 ||     4
Armor: Robe              |    13 |     9 ||    22
Dodge: Dodged            |    35 |    32 ||    67
